 Dungeon Crawl Stone Soup version 0.19-a0-1937-g70ed36a (webtiles) character file.

9227 spe3d0 the Blocker (level 11, -1/82 HPs)
             Began as a Minotaur Fighter on Oct 26, 2016.
             Was a High Priest of Okawaru.
             Killed from afar by a storm dragon (36 damage)
             ... with a bolt of lightning
             ... on level 10 of the Dungeon.
             The game lasted 00:25:05 (8964 turns).

spe3d0 the Blocker (Minotaur Fighter)               Turns: 8964, Time: 00:25:05

Health: -1/82      AC: 15    Str: 37    XL:     11   Next: 20%
Magic:  10/10      EV: 10    Int:  9    God:    Okawaru [*****.]
Gold:   354        SH: 15    Dex: 16    Spells: 0 memorised, 10 levels left

rFire  . . .     SeeInvis +     F - +7 morningstar "Cupraiv" {freeze, *Contam rN+ Str+6 Dex+4}
rCold  + . .     Gourm    .     i - +1 swamp dragon scales
rNeg   + . .     Faith    .     c - +0 shield
rPois  +         Spirit   .     (helmet restricted)
rElec  .         Reflect  .     (no cloak)
rCorr  .         Harm     .     R - +2 pair of gloves of Starshine {rC+ Int+4}
MR     .....                    (no boots)
Stlth  +.........               (no amulet)
                                v - ring of see invisible
                                S - +4 ring of strength

@: mighty
A: retaliatory headbutt, horns 2
a: Heroism, Finesse, Renounce Religion


You were on level 10 of the Dungeon.
You worshipped Okawaru.
Okawaru was extremely pleased with you.
You were not hungry.

You visited 2 branches of the dungeon, and saw 11 of its levels.

You collected 606 gold pieces.
You spent 252 gold pieces at shops.


Innate Abilities, Weirdness & Mutations

You reflexively headbutt those who attack you in melee.
You have a pair of horns on your head.


   Skills:
 - Level 3.6 Fighting
 * Level 12.1 Maces & Flails
 * Level 12.3 Armour
 * Level 12.3 Shields


You had 10 spell levels left.
You didn't know any spells.

Inventory:

Hand Weapons
 a - a +0 flail
 m - a +1 whip
 r - a +4 vampiric whip
 E - a +2 whip of electrocution
 F - the +7 morningstar "Cupraiv" (weapon) {freeze, *Contam rN+ Str+6 Dex+4}
   (You bought it in a shop on level 5 of the Dungeon)

   It has been specially enchanted to freeze those struck by it, causing extra
   injury to most foes and up to half again as much damage against particularly
   susceptible opponents.
   It can also slow down cold-blooded creatures.
   It affects your strength (+6).
   It affects your dexterity (+4).
   It protects you from negative energy.
   It causes magical contamination when unequipped.
 O - a +0 eveningstar of venom
Missiles
 y - 6 throwing nets {=f}
Armour
 b - a +0 scale mail
 c - a +0 shield (worn)
 i - +1 swamp dragon scales (worn)
 R - the +2 pair of gloves of Starshine (worn) {rC+ Int+4}
   (You found it on level 10 of the Dungeon)

   It affects your intelligence (+4).
   It protects you from cold.
Rods
 D - a +0 rod of clouds (10/10) {!a}
   (You found it on level 5 of the Dungeon)
Jewellery
 v - a ring of see invisible (right hand)
 I - a +2 ring of intelligence
 S - a +4 ring of strength (left hand)
 Z - an uncursed ring of wizardry
Wands
 K - a wand of flame (17/48)
 L - a wand of iceblast (8/15)
Scrolls
 g - 3 scrolls of amnesia {unknown}
 j - 13 scrolls of identify {@r1}
 l - a scroll of noise {!r}
 u - 2 scrolls of blinking {unknown}
 w - a scroll of fog {unknown}
 x - 2 scrolls of enchant armour
 A - 2 scrolls of random uselessness
 B - 2 scrolls of teleportation {unknown}
 G - 4 scrolls of remove curse {unknown}
 H - 3 scrolls of fear {unknown}
 J - 4 scrolls of recharging {unknown}
 N - a scroll of magic mapping {unknown}
 P - a scroll of enchant weapon
Potions
 d - 2 potions of ambrosia
 e - 3 potions of berserk rage {unknown}
 h - 4 potions of degeneration {!q}
 k - a potion of heal wounds {unknown}
 n - a potion of cancellation {unknown}
 o - 2 potions of haste {unknown}
 q - a potion of curing {@q1}
 s - a potion of mutation {unknown}
 t - 2 potions of agility {unknown}
 z - a potion of cure mutation {unknown}
 C - a potion of magic {unknown}
 U - 2 potions of flight {unknown}
Books
 p - a book of Misfortune

   Spells                             Type                      Level
   a - Confusing Touch                Hexes                        1
   b - Confuse                        Hexes                        3
   c - Gell's Gravitas                Hexes/Translocation          3
   d - Petrify                        Transmutation/Earth          4
   e - Metabolic Englaciation         Hexes/Ice                    5
   f - Yara's Violent Unravelling     Hexes/Transmutation          5
 M - the Compendium of Earth
   (You found it on level 7 of the Dungeon)

   Spells                             Type                      Level
   a - Bolt of Magma                  Conjuration/Fire/Earth       5
   b - Statue Form                    Transmutation/Earth          6
   c - Shatter                        Earth                        9
Comestibles
 f - 8 bread rations {@e1}
 Q - a beef jerky {@e2}
 T - 12 chunks of flesh

Dungeon Overview and Level Annotations

Branches:
Dungeon (10/15)            Temple (1/1) D:5            Lair (0/6) D:9
    Orc (0/2) D:9

Altars:
Ashenzari
Cheibriados
Dithmenos
Elyvilon
Fedhas
Gozag
Hepliaklqana
Kikubaaqudgha
Makhleb
Nemelex Xobeh
Okawaru
Qazlal
Ru
Sif Muna
Trog
Uskayaw
Vehumet
Xom
Yredelemnul
Zin
The Shining One

Shops:
D:5

( .#.# #.....#.......)(### ..
...# #........#####..((##### #
#..# #.######## #.##.....####
#..# #.'...#[| #.....#.((.....
#..# #)#...#==####.##....(..##.
#..#####.#...#.p^.##.....####....
#........#...#.D..#....## ###..
##..####.#...####D###.# #..
##.######......@.#... #.. #.(.#
#........### #.. ###.# #........#
..##.) #.## ########## #.....
#..# ###### ##.# ###


You could see a storm dragon.


Message History

Things that are here:
an enchanted great sword; a chain mail You butcher the manticore corpse.
T - 14 chunks of flesh (gained 5)
Things that are here:
an enchanted great sword; a chain mail Some of the chunks of flesh in your inventory have rotted away.
Found 8 poisoned needles.
You see here 8 poisoned needles.
You see here 8 poisoned needles.
Things that are here:
an enchanted great sword; a chain mail
There is an open door here.
As you open the door, it creaks loudly!
You hear a shout!
You hear a deafening roar!
A storm dragon and a necromancer come into view.
You found a shaft!
The necromancer shouts!
The storm dragon roars deafeningly!
The storm dragon breathes lightning at you.
The bolt of lightning hits you! x2
* * * LOW HITPOINT WARNING * * *
Found four items.
There is an open door here.
As you read the scroll labeled FAXOURR KEAMM, it crumbles to dust.
You experience a momentary feeling of inescapable doom!
It was a scroll of random uselessness.
You feel very mighty all of a sudden.
The storm dragon breathes lightning at you.
The bolt of lightning hits you!
You die...

Skill      XL: |  1  2  3  4  5  6  7  8  9 10 11 |
---------------+----------------------------------+-----
Maces & Flails | 3 4 5 7 8 10 11 12 | 12.1
Armour         | 4 5 6 8 9 10 12 | 12.3
Shields        | 4 5 6 7 8 10 12 | 12.3
Fighting       | |  3.6

Action                   |  1- 3 |  4- 6 |  7- 9 | 10-12 || total
-------------------------+-------+-------+-------+-------++-------
Melee: Flail             |    38 |       |       |       ||    38
       Headbutt          |    17 |    20 |    58 |    33 ||   128
       Whip              |    70 |   111 |    98 |       ||   279
       Morningstar       |       |       |   170 |   137 ||   307
Invok: Heroism           |       |       |       |     1 ||     1
  Use: Scroll            |     3 |     2 |       |     1 ||     6
       Potion            |     1 |     1 |     3 |     1 ||     6
  Eat: Chunk             |     2 |       |     7 |     3 ||    12
       Pizza             |       |     1 |       |       ||     1
       Bread ration      |       |     2 |       |     1 ||     3
       Meat ration       |       |       |     1 |       ||     1
       Royal jelly       |       |       |     1 |       ||     1
Armor: Scale mail        |    14 |       |       |       ||    14
       Swamp dragon scal |    28 |    37 |    65 |    40 ||   170
Dodge: Dodged            |    29 |    24 |    58 |    61 ||   172
Block: Shield            |    48 |    45 |   144 |    98 ||   335

Vault maps used:
D:1:      lemuel_arrival_rhombus
D:3:      led_sif_pool, uniq_jessica, uniq_robin
D:4:      minmay_wonky_spiral, first_bread
D:5:      serial_shops, shop, uniq_pikel
D:6:      uniq_prince_ribbit1, uniq_blork_the_orc
D:7:      minitemple, the_bakery, serial_bayou_lake_a
D:8:      minmay_mini_ossuary
D:9:      minmay_lair_entry_grove, orc_0_dummy
D:10:     minmay_shrinking_squares, uniq_urug, uniq_grum
Temple:   regret_index_temple_mists

Notes
Turn   | Place    | Note
-------+----------+-------------------------------------------
     0 | D:1      | spe3d0 the Minotaur Fighter began the quest for the Orb.
     0 | D:1      | Reached XP level 1. HP: 19/19 MP: 0/0
    61 | D:1      | Reached skill level 3 in Maces & Flails
    87 | D:1      | Reached XP level 2. HP: 26/26 MP: 1/1
   330 | D:1      | Reached skill level 4 in Armour
   457 | D:1      | Reached skill level 4 in Shields
   659 | D:2      | Reached XP level 3. HP: 31/31 MP: 2/2
  1382 | D:3      | Noticed spe3d0's ghost (amateur MiFi)
  1388 | D:3      | HP: 1/31 [spe3d0's ghost (7)]
  1390 | D:3      | Killed spe3d0's ghost
  1390 | D:3      | Reached skill level 4 in Maces & Flails
  1390 | D:3      | Reached skill level 5 in Armour
  1390 | D:3      | Reached skill level 5 in Shields
  1390 | D:3      | Reached XP level 4. HP: 1/39 MP: 3/3
  1390 | D:3      | Reached XP level 5. HP: 1/45 MP: 4/4
  1687 | D:3      | Noticed Jessica
  1710 | D:3      | Noticed Robin
  1716 | D:3      | Killed Jessica
  1731 | D:3      | Killed Robin
  2182 | D:3      | Reached XP level 6. HP: 47/51 MP: 5/5
  2256 | D:3      | Found a deep blue altar of Sif Muna.
  2578 | D:4      | Reached skill level 5 in Maces & Flails
  2578 | D:4      | Reached skill level 6 in Armour
  2836 | D:4      | Reached skill level 6 in Shields
  2850 | D:4      | Reached XP level 7. HP: 17/57 MP: 6/6
  3329 | D:5      | Entered Level 5 of the Dungeon
  3476 | D:5      | Reached skill level 6 in Maces & Flails
  3476 | D:5      | Reached skill level 7 in Armour
  3574 | D:5      | Noticed Pikel
  3594 | D:5      | Killed Pikel
  3594 | D:5      | Reached skill level 7 in Maces & Flails
  3594 | D:5      | Reached skill level 8 in Armour
  3594 | D:5      | Reached skill level 7 in Shields
  3594 | D:5      | Reached XP level 8. HP: 42/64 MP: 7/7
  3671 | D:5      | Found Josol's Antique Weapon Boutique.
  3684 | D:5      | Bought an ichor-stained morningstar for 252 gold pieces
  3684 | D:5      | Identified the +7 morningstar "Cupraiv" {freeze, *Contam rN+ Str+6 Dex+4} (You bought it in a shop on level 5 of the Dungeon)
  3710 | D:5      | Found a staircase to the Ecumenical Temple.
  3715 | Temple   | Entered the Ecumenical Temple
  3823 | Temple   | Became a worshipper of Warmaster Okawaru
  4106 | D:6      | Noticed Blork the orc
  4108 | D:6      | Killed Blork the orc
  4108 | D:6      | Reached skill level 8 in Shields
  4300 | D:6      | Noticed Prince Ribbit
  4306 | D:6      | Killed Prince Ribbit
  4306 | D:6      | Reached skill level 8 in Maces & Flails
  4306 | D:6      | Reached skill level 9 in Armour
  4451 | D:6      | Reached * piety under Okawaru
  4452 | D:6      | Reached XP level 9. HP: 70/70 MP: 8/8
  4755 | D:7      | Reached skill level 9 in Shields
  4799 | D:7      | Reached skill level 9 in Maces & Flails
  4839 | D:7      | Identified the Compendium of Earth
  4892 | D:7      | Reached ** piety under Okawaru
  5466 | D:7      | Reached skill level 10 in Armour
  5863 | D:7      | Reached skill level 10 in Shields
  6082 | D:7      | Found a radiant altar of Vehumet.
  6093 | D:7      | Found a shattered altar of Ashenzari.
  6095 | D:7      | Found a blossoming altar of Fedhas.
  6232 | D:8      | Reached skill level 10 in Maces & Flails
  6815 | D:9      | Reached XP level 10. HP: 51/77 MP: 9/9
  7050 | D:9      | Reached *** piety under Okawaru
  7094 | D:9      | Reached skill level 11 in Armour
  7100 | D:9      | Found a staircase to the Lair.
  7129 | D:9      | Reached skill level 11 in Shields
  7516 | D:9      | Reached skill level 11 in Maces & Flails
  7757 | D:9      | Reached **** piety under Okawaru
  7795 | D:9      | Found a staircase to the Orcish Mines.
  8471 | D:10     | Entered Level 10 of the Dungeon
  8471 | D:10     | Noticed Urug
  8475 | D:10     | Killed Urug
  8498 | D:10     | Reached skill level 12 in Armour
  8572 | D:10     | Got a pair of faintly glowing gloves
  8628 | D:10     | Identified the +2 pair of gloves of Starshine {rC+ Int+4} (You found it on level 10 of the Dungeon)
  8665 | D:10     | Noticed Grum
  8666 | D:10     | Reached skill level 12 in Shields
  8671 | D:10     | Reached XP level 11. HP: 74/82 MP: 10/10
  8676 | D:10     | Killed Grum
  8676 | D:10     | Reached ***** piety under Okawaru
  8740 | D:10     | Noticed an orc knight
  8751 | D:10     | Killed an orc knight
  8751 | D:10     | Reached skill level 12 in Maces & Flails
  8961 | D:10     | Noticed a necromancer
  8961 | D:10     | Noticed a storm dragon
  8964 | D:10     | Killed from afar by a storm dragon

Vanquished Creatures
  Urug (D:10)
  An orc knight (D:10)
  Pikel (D:5)
  A manticore (D:10)
  2 trolls (D:10)
  Prince Ribbit (D:6)
  A two-headed ogre (D:10)
  A hippogriff (D:9)
  A spriggan (D:7)
  2 basilisks (D:9)
  The ghost of spe3d0 the Shield-Bearer, an amateur MiFi (D:3)
  2 hungry ghosts
  Grum (D:10)
  6 porcupines (D:9)
  5 ice beasts
  2 phantoms
  A sky beast (D:8)
  2 necrophages (D:9)
  2 wolves (D:10)
  4 ogres
  7 centaurs
  3 crocodiles (D:9)
  Blork the orc (D:6)
  5 bullfrogs
  A gnoll sergeant (D:9)
  A water moccasin skeleton (D:7)
  5 killer bees (D:7)
  3 scorpions
  5 electric eels (D:7)
  4 crimson imps
  A gnoll shaman (D:8)
  A quasit (D:7)
  3 hounds
  2 jellies (D:5)
  5 orc priests
  Jessica (D:3)
  2 centaur skeletons
  9 iguanas
  7 orc wizards
  5 worker ants
  2 killer bee zombies
  Robin (D:3)
  4 hound skeletons
  A mummy (D:8)
  11 gnolls
  2 adders
  2 river rats (D:9)
  4 shadow imps
  3 oozes
  2 adder zombies
  3 worms
  A dart slug (D:1)
  4 leopard geckos
  22 orcs
  A ball python (D:1)
  9 bats
  10 giant cockroaches
  9 hobgoblins
  4 jackals (D:4)
  7 kobolds
  2 quokkas
  6 frilled lizards
  17 goblins
  2 hobgoblin zombies (D:8)
  2 kobold zombies (D:8)
  9 rats
249 creatures vanquished.
